Map: Moonlight Madness LE (Void)

Players

Toons

  • Race: Terran Terran
  • League: Silver

sakre - Winner!

  • Race: Zerg Zerg
  • League: Bronze

VOD

Have the link to the VOD?

Description

Time

  • Played on: Aug. 5, 2015, 12:07 a.m.
  • Length: 14:41
Show
View Real Time Build Order
Export as new Build Order

Toons Terran 

Build Orders:  

Get SALT Encoding   

  12  0:01  SCV  
  13  0:13  SCV  
  14  0:21  Supply Depot  
  14  0:25  SCV  
  15  0:33  Refinery  
  15  0:42  SCV  
  16  0:45  Barracks  
  16  0:54  SCV  
  17  1:06  SCV  
  18  1:13  Supply Depot  
  18  1:23  Barracks  
  18  1:24  SCV  
  19  1:36  SCV  
  19  1:39  Marine  
  21  1:40  Supply Depot  
  21  1:51  SCV  
  22  1:55  Refinery  
  22  2:03  Factory  
  22  2:06  SCV  
  23  2:10  Reaper  
  23  2:14  Reaper  
  24  2:27  SCV  
  25  2:39  Supply Depot  
  25  2:42  Orbital Command, Marine  
  26  2:52  Marine  
  26  2:58  Hellion  
  29  3:15  Starport  
  29  3:30  Marine x2  
  29  3:33  Factory Reactor  
  30  3:47  SCV  
  30  3:54  Command Center  
  30  3:59  SCV  
  30  4:00  Medivac  
  33  4:03  Barracks Reactor, Barracks Tech Lab  
  33  4:13  Widow Mine  
  33  4:14  Widow Mine  
  37  4:19  SCV  
  38  4:27  Stimpack  
  38  4:31  SCV  
  39  4:34  Starport Reactor  
  39  4:43  SCV, Supply Depot  
  40  4:54  Marine  
  40  4:55  SCV, Marine, Marauder  
  40  4:57  Widow Mine  
  47  5:04  Widow Mine  
  49  5:07  Supply Depot x2  
  49  5:13  Engineering Bay  
  49  5:26  Marine x2  
  51  5:34  Medivac  
  51  5:35  Medivac  
  55  5:43  Marine  
  55  5:44  Marine  
  55  5:45  SCV  
  55  5:47  Orbital Command  
  58  5:54  Terran Infantry Weapons Level 1  
  58  6:00  Armory  
  58  6:03  Hellion x2  
  64  6:04  Marauder  
  64  6:26  Orbital Command  
  64  6:27  Marine  
  64  6:28  Marine  
  64  6:30  Marauder  
  64  6:31  Widow Mine x2  
  70  6:40  SCV  
  71  6:52  Bunker  
  71  6:55  Bunker  
  71  7:01  Refinery  
  71  7:06  Refinery, Missile Turret  
  71  7:08  SCV  
  71  7:09  SCV  
  73  7:15  Marine  
  73  7:16  Marine  
  73  7:18  Hellbat x2  
  79  7:37  SCV x2  
  81  7:57  Supply Depot x2  
  81  7:58  Missile Turret  
  81  8:01  Marine x2  
  83  8:10  Terran Vehicle And Ship Armor Level 1, Barracks  
  83  8:12  Barracks  
  83  8:13  Hellion, Barracks  
  83  8:19  Hellion  
  87  8:25  SCV x2  
  87  8:33  Liberator  
  87  8:36  Liberator  
  87  8:38  Supply Depot  
  87  8:39  Terran Infantry Weapons Level 2  
  87  8:50  Command Center  
  93  8:56  SCV  
  93  9:02  Supply Depot  
  94  9:03  Marine x2  
  94  9:07  Barracks Reactor, Barracks Tech Lab  
  94  9:08  Barracks Tech Lab  
  96  9:16  Barracks Reactor  
  96  9:17  Marine  
  96  9:20  Widow Mine x2  
  96  9:21  Marine  
  102  9:35  Marauder  
  104  9:41  Marine x2  
  104  9:42  Marine  
  107  9:57  Marauder  
  109  10:00  Marauder  
  111  10:15  SCV x2  
  111  10:16  Marine x4  
  111  10:18  Marauder  
  119  10:21  Marauder  
  121  10:32  SCV x2  
  123  10:57  Marine x3  
  123  10:58  Marine x3  
  123  11:01  Marauder  
  123  11:02  Marauder  
  133  11:28  Terran Vehicle And Ship Armor Level 2, Terran Infantry Weapons Level 3  
  133  11:35  Missile Turret  
  133  11:38  Supply Depot  
  133  11:41  Supply Depot  
  133  11:42  Supply Depot  
  133  11:46  Supply Depot  
  133  11:54  SCV x2  
  133  11:56  Hellbat x2  
  133  12:00  Marine  
  133  12:01  Marine x5  
  102  12:02  Marauder x2  
  89  12:23  Marauder  
  89  12:32  Marine x2  
  89  12:33  Marine x3  
  89  12:34  Marauder  
  89  12:36  Command Center  
  94  12:42  SCV  
  93  12:45  Marauder  
  93  12:49  Refinery  
  94  12:54  SCV  
  94  12:55  Marauder  
  87  13:05  Marine x4  
  83  13:06  Marine x3  
  89  13:16  Marine  
  89  13:23  Marine x7  
  87  13:34  Marine  
  81  13:40  Marine  
  83  13:41  Marine x6  
  89  13:52  Marine  
  89  13:55  Starport Reactor  
  90  13:58  Marine  
  90  13:59  Marine x6  
  97  14:09  Marine  
  94  14:16  Marine  
  94  14:17  Marine x3  
  97  14:27  Starport Reactor  
Show
View Real Time Build Order
Export as new Build Order

sakre Zerg - Winner!

Build Orders: Pool First 

Get SALT Encoding   

  12  0:06  Drone  
  13  0:08  Drone  
  14  0:16  Overlord  
  14  0:35  Spawning Pool  
  13  0:37  Drone  
  14  0:57  Drone x2  
  14  0:58  Drone  
  14  1:03  Extractor  
  16  1:17  Hatchery  
  15  1:27  Queen  
  15  1:30  Zergling x2  
  18  1:35  Drone  
  18  1:39  Drone  
  20  1:45  Drone  
  21  1:56  Drone  
  21  1:57  Extractor  
  21  2:02  Overlord  
  21  2:11  Metabolic Boost  
  21  2:26  Roach Warren  
  21  2:28  Spore Crawler, Drone  
  20  2:44  Queen  
  20  2:49  Drone  
  23  2:52  Zergling x2  
  24  3:02  Zergling x4  
  26  3:15  Roach x2  
  26  3:19  Drone  
  30  3:27  Drone  
  31  3:43  Zergling x8  
  35  3:58  Drone  
  35  3:59  Overlord  
  36  4:12  Lair  
  36  4:18  Drone  
  36  4:19  Drone  
  38  4:26  Drone x2  
  40  4:44  Drone x3  
  40  4:45  Drone  
  44  4:50  Overlord  
  44  5:05  Overlord  
  44  5:08  Roach x2  
  44  5:09  Roach  
  50  5:19  Roach  
  50  5:21  Overlord  
  52  5:25  Drone x3  
  55  5:32  Drone x3  
  55  5:33  Drone  
  59  5:38  Drone  
  59  5:39  Drone  
  59  5:42  Roach  
  63  5:46  Drone x2  
  63  5:49  Overlord  
  65  6:00  Extractor  
  65  6:01  Drone x2  
  65  6:02  Drone x2  
  65  6:03  Extractor  
  67  6:09  Glial Reconstitution  
  67  6:12  Overseer  
  61  6:25  Drone  
  61  6:26  Drone x6  
  68  6:39  Overlord  
  68  6:40  Overlord x2  
  68  6:51  Baneling Nest  
  67  7:09  Hatchery, Evolution Chamber  
  67  7:10  Evolution Chamber  
  67  7:13  Drone x2  
  67  7:14  Drone x7  
  67  7:15  Drone  
  70  7:43  Spore Crawler  
  69  7:47  Spine Crawler  
  68  7:53  Spire  
  68  7:54  Drone x5  
  68  7:55  Drone x4  
  76  7:59  Zerg Missile Weapons Level 1, Zerg Ground Armor Level 1  
  76  8:01  Drone  
  72  8:14  Drone x3  
  72  8:15  Drone x2  
  77  8:30  Queen  
  77  8:33  Roach x2  
  77  8:34  Roach x3  
  89  8:53  Drone x5, Overlord x2  
  94  8:57  Extractor  
  94  8:59  Extractor  
  92  9:06  Overlord x3  
  92  9:44  Overlord x2  
  98  9:52  Roach  
  98  9:53  Roach x7  
  98  9:54  Roach x6  
  98  9:55  Roach x2  
  116  10:17  Zergling x12  
  122  10:27  Zergling x4  
  122  10:28  Zergling x12  
  128  10:29  Zergling x2  
  128  10:30  Zerg Missile Weapons Level 2  
  128  10:31  Zerg Ground Armor Level 2  
  131  10:39  Baneling x4  
  131  10:40  Baneling x4  
  131  10:44  Baneling x3  
  131  10:45  Baneling  
  131  10:50  Baneling x6  
  131  11:00  Centrifical Hooks  
  131  11:16  Mutalisk x4  
  131  11:17  Mutalisk x3  
  145  11:21  Overlord x2  
  145  11:41  Mutalisk x4  
  145  11:42  Mutalisk x4  
  110  12:08  Mutalisk x2  
  110  12:09  Mutalisk x6  
  110  12:10  Mutalisk  
  110  12:35  Drone x5  
  115  12:46  Mutalisk x5  
  125  12:54  Roach x2  
  113  13:07  Roach x6  
  113  13:08  Roach x5  
  133  13:36  Roach  
  133  13:37  Roach x7  
  133  13:38  Roach x2  
  153  13:58  Overlord  
  153  13:59  Overlord x3  
  147  14:15  Roach x3  
Tags
 
Add a new tag
Caveats
  • Supply blocks, unpowered buildings, or Contaminate may cause inaccurate times.
  • Supply counts are checked every 10 seconds.